 Dungeon Crawl Stone Soup version 0.28.0 (webtiles) character file.

Game seed: 4508187680309758901

11326 xSliceyx the Thaumaturge (level 12, -15/80 (87) HPs)
             Began as a Djinni Ice Elementalist on Feb 4, 2022.
             Was a Follower of Makhleb.
             Killed from afar by Josephine (21 damage)
             ... with a ghostly fireball
             ... on level 11 of the Dungeon.
             The game lasted 01:00:42 (13442 turns).

xSliceyx the Thaumaturge (Djinni Ice Elementalist) Turns: 13442, Time: 01:00:43

HP:   -15/80 (87)   AC:  3    Str: 13    XL:     12   Next: 6%
Gold: 779           EV: 12    Int: 21    God:    Makhleb [*.....] SH:  0 Dex: 15

rFire   + + .      SeeInvis .   z - +2 falchion (freeze)
rCold   + . .      Faith    .   (no shield)
rNeg    . . .      Spirit   .   f - +0 robe {rC+}
rPois   ∞          Reflect  .   g - +0 helmet
rElec   .          Harm     .   (no cloak)
rCorr   .          Rampage  .   (no gloves)
Will    +....                   (boots unavailable)
Stlth   ++........              H - amulet of regeneration
HPRegen 1.03/turn               B - +6 ring of strength
MPRegen 0.00/turn               C - ring of protection from cold

@: flying, hasted and slowed, drained
A: sickness immunity, fire resistance 2, cold vulnerability 1, float, innate
caster, HP casting, extra vitality 1
a: Renounce Religion


You were on level 11 of the Dungeon.
You worshipped Makhleb.
Makhleb was aware of your devotion.
You visited 2 branches of the dungeon, and saw 12 of its levels.

You collected 779 gold pieces.

Inventory:

Hand Weapons
 z - a +2 falchion of freezing (weapon)
Missiles
 b - 6 silver javelins
 e - 26 stones
 p - 20 poisoned darts
Armour
 f - a +0 robe of cold resistance (worn)
 g - a +0 helmet (worn)
Jewellery
 B - a +6 ring of strength (left hand)
 C - a ring of protection from cold (right hand)
 H - an amulet of regeneration (around neck)
 K - a +6 ring of strength
Wands
 r - a wand of flame (34)
 y - a wand of mindburst (17)
 A - a wand of acid (9)
 J - a wand of charming (6)
Scrolls
 a - a scroll of acquirement {unknown}
 i - a scroll of blinking
 j - 2 scrolls of teleportation
 o - a scroll of magic mapping
 t - 2 scrolls of amnesia
 v - 4 scrolls of noise {unknown}
 x - a scroll of vulnerability {unknown}
 E - a scroll of fog
 F - 2 scrolls of silence {unknown}
 G - a scroll of enchant armour
Potions
 c - a potion of resistance
 h - a potion of invisibility {unknown}
 k - a potion of might {unknown}
 l - 3 potions of haste
 m - 2 potions of flight {unknown}
 n - 3 potions of ambrosia {unknown}
 q - a potion of berserk rage {unknown}
 s - a potion of degeneration {unknown}
 u - 2 potions of magic {unknown}
 w - 3 potions of curing
 D - a potion of attraction {unknown}
 I - a potion of cancellation {unknown}


   Skills:
 + Level 8.2 Fighting
 - Level 2.1 Dodging
 - Level 1.5 Stealth
 - Level 13.0 Spellcasting


You had 12 spell levels left.
You knew the following spells:

 Your Spells              Type           Power      Damage    Failure   Level
a - Freeze                Ice            100%       1d11      1%          1
b - Frozen Ramparts       Ice            100%       1d12      1%          3
c - Ozocubu's Armour      Ice            62%        N/A       1%          3
d - Hailstorm             Conj/Ice       62%        3d13      1%          4
e - Sandblast             Erth           100%       2d20      1%          1
f - Scorch                Fire           100%       2d10      1%          2
g - Lesser Beckoning      Tloc           62%        N/A       1%          3
h - Dispel Undead         Necr           62%        3d22      1%          4
i - Petrify               Tmut/Erth      62%        N/A       1%          4
Your spell library was empty.

Dungeon Overview and Level Annotations

Branches:
Dungeon (11/15)            Temple (1/1) D:6            Lair (0/6) D:11
    Orc (0/2) D:9

Altars:
Ashenzari
Cheibriados
Dithmenos
Elyvilon
Fedhas
Gozag
Hepliaklqana
Kikubaaqudgha
Makhleb
Ru
Trog
Uskayaw
Vehumet
Xom

Shops:
D:5 =   D:7 =   D:9 *

Annotations:
D:5 3 runed translucent doors, GilGalad's ghost, novice MiFi
D:6 2 runed translucent doors
D:11 Josephine


Innate Abilities, Weirdness & Mutations

You are immune to sickness and miasma.
You are immune to poison.
Your flesh is very heat resistant. (rF++)
You are vulnerable to cold. (rC-)
You float through the air rather than walking.
You learn spells naturally, not from books.
Your magical power is your life essence.
You have superior vitality. (+4 MHP)


Message History

Aim: Josephine, wielding a +0 dagger, wearing a +0 robe and carrying a wand of digging (2) (moderately wounded, petrified, 100% to hit)
The blast of sand hits Josephine!
Josephine is heavily wounded.
e - 29 stones
Casting: Sandblast (safe; 1% risk of failure)
Confirm with . or Enter, or press ? or * to list all spells.
Aiming: Sandblast (safe; 1% risk of failure)
Press: ? - help, Shift-Dir - straight line, f/p - Josephine
Aim: Josephine, wielding a +0 dagger, wearing a +0 robe and carrying a wand of digging (2) (heavily wounded, petrified, 100% to hit)
The blast of sand hits Josephine.
Josephine is heavily wounded.
e - 28 stones
Casting: Sandblast (safe; 1% risk of failure)
Confirm with . or Enter, or press ? or * to list all spells.
Aiming: Sandblast (safe; 1% risk of failure)
Press: ? - help, Shift-Dir - straight line, f/p - Josephine
Aim: Josephine, wielding a +0 dagger, wearing a +0 robe and carrying a wand of digging (2) (heavily wounded, petrified, 100% to hit)
The blast of sand hits Josephine!
Josephine is heavily wounded.
e - 27 stones
Casting: Sandblast (safe; 1% risk of failure)
Confirm with . or Enter, or press ? or * to list all spells.
Aiming: Sandblast (safe; 1% risk of failure)
Press: ? - help, Shift-Dir - straight line, f/p - Josephine
Aim: Josephine, wielding a +0 dagger, wearing a +0 robe and carrying a wand of digging (2) (heavily wounded, petrified, 100% to hit)
The blast of sand hits Josephine!
Josephine is severely wounded.
e - 26 stones Josephine is no longer petrified.
Josephine gestures at you while chanting.
The ghostly flame explodes!
The ghostly fireball engulfs you!!
You feel drained.
* * * LOW HITPOINT WARNING * * *
Okay, then.
You feel yourself speed up. Josephine hits you with a +0 dagger!
* * * LOW HITPOINT WARNING * * *
Josephine gestures at you while chanting.
The ghostly flame explodes!
The ghostly fireball engulfs you!!
You feel drained.
You die...

### ...# #####.## ... ..
##.##...## ... .....
#.(.#....####.##.....
#...#......##..#.....
##.........#.........
##.........)........#.
.##..@........#.........
/........@......#.........
.#..#.....................
#................#...#...
##..............##...#...
#........................
#....................#....
..........................
........................
#### ##.............


You could see Josephine.

Vanquished Creatures
  A boulder beetle (D:6)
  A hydra (D:11)
  3 two-headed ogres
  Urug (D:10)
  A cyclops (D:11)
  An elephant (D:11)
  3 kobold demonologists (D:10)
  A troll (D:10)
  A hornet (D:9)
  4 wraiths (D:11)
  A wyvern (D:11)
  3 yaks (D:11)
  A steam dragon (D:10)
  3 vampire mosquitoes (D:11)
  2 water moccasins
  Duvessa (D:7)
  2 orc warriors (D:9)
  A sky beast (D:7)
  2 ice beasts
  2 black bears (D:11)
  A hornet zombie (D:8)
  A necrophage (D:6)
  6 ogres
  6 centaurs
  2 kobold brigands
  3 bullfrogs
  A wyvern zombie (D:8)
  2 scorpions
  Dowan (D:7)
  3 wights (D:7)
  4 howler monkeys (D:11)
  4 centaur zombies
  2 hounds (D:5)
  3 jellies
  2 orc priests (D:9)
  A bullfrog skeleton (D:3)
  A centaur skeleton (D:7)
  4 orc wizards
  3 iguanas
  A killer bee zombie (D:9)
  A hound skeleton (D:5)
  A howler monkey zombie (D:7)
  6 gnolls
  A howler monkey skeleton (D:7)
  8 adders
  10 river rats (D:6)
  A shadow imp (D:8)
  A white imp (D:6)
  2 ufetubi
  2 worms (D:2)
  4 dart slugs
  15 orcs
  7 endoplasms
  2 giant cockroaches
  9 goblins
  9 hobgoblins
  4 jackals (D:3)
  14 kobolds
  13 quokkas
  10 ball pythons
  10 bats
  6 frilled lizards
  22 rats
244 creatures vanquished.

Vanquished Creatures (others)
  6 fungi (D:9)
  5 toadstools (D:9)
11 creatures vanquished.

Grand Total: 255 creatures vanquished

Notes
Turn   | Place    | Note
-------+----------+-------------------------------------------
     0 | D:1      | xSliceyx the Djinni Ice Elementalist began the quest for
                  | the Orb.
     0 | D:1      | Reached XP level 1. HP: 15/15 MP: 0/0
   294 | D:1      | Reached XP level 2. HP: 16/21 MP: 0/0
   730 | D:1      | Reached XP level 3. HP: 22/25 MP: 0/0
   730 | D:1      | Learned a level 1 spell: Sandblast
  1039 | D:1      | Reached skill level 4 in Spellcasting
  1075 | D:1      | Found a faded altar of an unknown god.
  1688 | D:2      | Reached XP level 4. HP: 29/31 MP: 0/0
  2749 | D:3      | Reached XP level 5. HP: 31/35 MP: 0/0
  2749 | D:3      | Learned a level 2 spell: Scorch
  2784 | D:3      | Reached skill level 5 in Spellcasting
  3048 | D:3      | Found a bloodstained altar of Trog.
  3213 | D:3      | Found a sacrificial altar of Ru.
  3281 | D:3      | Reached XP level 6. HP: 38/40 MP: 0/0
  4240 | D:5      | Entered Level 5 of the Dungeon
  4340 | D:5      | Found a runed translucent gate.
  4346 | D:5      | Reached skill level 6 in Spellcasting
  4346 | D:5      | Found a runed translucent gate.
  4452 | D:5      | Found a runed translucent gate.
  4454 | D:5      | Noticed GilGalad's ghost (novice MiFi)
  4480 | D:5      | Reached XP level 7. HP: 27/45 MP: 0/0
  4480 | D:5      | Learned a level 3 spell: Lesser Beckoning
  4656 | D:5      | Found Kapsatin's Jewellery Shop.
  4887 | D:5      | Reached skill level 7 in Spellcasting
  5371 | D:6      | Reached XP level 8. HP: 48/50 MP: 0/0
  5944 | D:6      | Reached skill level 8 in Spellcasting
  6726 | D:6      | Reached XP level 9. HP: 33/55 MP: 0/0
  6726 | D:6      | Learned a level 4 spell: Dispel Undead
  7160 | D:6      | Found a large runed translucent door.
  7161 | D:6      | Found a large runed translucent door.
  7199 | D:6      | Noticed a boulder beetle
  7397 | D:7      | Reached skill level 9 in Spellcasting
  7428 | D:7      | Noticed Dowan
  7428 | D:7      | Noticed Duvessa
  7436 | D:7      | Killed Duvessa
  7438 | D:7      | Killed Dowan
  7570 | D:7      | Found Ymomeg's Jewellery Shop.
  8628 | D:6      | Killed a boulder beetle
  8629 | D:6      | Reached skill level 10 in Spellcasting
  8629 | D:6      | Reached XP level 10. HP: 36/60 MP: 0/0
  8894 | D:6      | Found a staircase to the Ecumenical Temple.
  8985 | Temple   | Entered the Ecumenical Temple
  9085 | Temple   | Became a worshipper of Makhleb the Destroyer
  9318 | D:8      | Found a blossoming altar of Fedhas.
  9413 | D:8      | Identified the +5 spear "Aloden" {spect, Fragile rF+ Will+
                  | Str+4}
  9894 | D:8      | Reached skill level 11 in Spellcasting
 10535 | D:9      | Found Quneh's Overcharged Wands.
 10886 | D:9      | Noticed a two-headed ogre
 10890 | D:9      | Killed a two-headed ogre
 11392 | D:9      | Noticed a kobold demonologist
 11394 | D:9      | Reached skill level 12 in Spellcasting
 11398 | D:9      | Noticed a sixfirhy
 11400 | D:9      | Noticed a kobold demonologist
 11633 | D:10     | Entered Level 10 of the Dungeon
 11805 | D:10     | Noticed a two-headed ogre
 11941 | D:10     | Reached * piety under Makhleb
 12003 | D:10     | Killed a two-headed ogre
 12004 | D:10     | Reached XP level 11. HP: 39/65 MP: 0/0
 12004 | D:10     | Learned a level 4 spell: Petrify
 12063 | D:10     | Found a shimmering altar of Xom.
 12198 | D:10     | Noticed a two-headed ogre
 12202 | D:10     | Reached skill level 13 in Spellcasting
 12205 | D:10     | HP: 2/68 [two-headed ogre (28)]
 12296 | D:10     | Killed a two-headed ogre
 12409 | D:10     | Noticed Urug
 12425 | D:10     | Killed Urug
 12782 | D:11     | Noticed a seven-headed hydra
 12796 | D:11     | Killed a seven-headed hydra
 12797 | D:11     | Reached skill level 5 in Fighting
 12920 | D:11     | Noticed a cyclops
 12934 | D:11     | Killed a cyclops
 13033 | D:11     | Noticed an elephant
 13042 | D:11     | Killed an elephant
 13083 | D:11     | Found a staircase to the Lair.
 13401 | D:11     | Reached XP level 12. HP: 82/86 MP: 0/0
 13417 | D:11     | Noticed Josephine
 13442 | D:11     | Killed from afar by Josephine

Illustrated notes

Levels and vault maps discovered:
D:1:      elethiomel_arrival_infinity_welcomes_careful_drivers, layout_basic,
          nicolae_ecumenical_snake_handling
D:2:      layout_loops_corners, minmay_hexomino_u4
D:3:      layout_rooms, mainiacjoe_overflow_surrounded_room,
          lemuel_coloured_pillars_altar
D:4:      layout_cave_pools
D:5:      layout_basic, gammafunk_ghost_necromancy, serial_shops,
          nicolae_shop_trees
D:6:      lemuel_ratsnest, layout_basic, jmf_multi_god_temple2,
          minmay_temple_entry_nine_rooms
D:7:      layout_basic, serial_shops, nicolae_stop_n_shop_2,
          minmay_misc_feat_enclosed, roderic_serpentine_path,
          nrook_mini_backslash, uniq_duvessa
D:8:      layout_basic, mainiacjoe_overflow_brackets, serial_curves,
          eino_curves_02, eino_curves_02
D:9:      layout_irregular_city, gammafunk_temple_overflow_pools,
          david_orc_1_choice, minmay_gold_behind_fungi,
          nicolae_shop_overcharged_wands
D:10:     layout_cave_pools, tgw_xom, uniq_urug
D:11:     layout_cave_pools, david_lair_generic, uniq_josephine
Temple:   dpeg_chambers_temple

Skill      XL: |  1  2  3  4  5  6  7  8  9 10 11 |
---------------+----------------------------------+-----
Spellcasting   | 4 5 6 7 8 10 12 13 | 13.0
Fighting       | 8 |  8.2
Dodging        | |  2.1
Stealth        | |  1.5

Action                   |  1- 3 |  4- 6 |  7- 9 | 10-12 || total
-------------------------+-------+-------+-------+-------++-------
Melee: Club              |     3 |       |       |       ||     3
       Long sword        |       |     1 |       |       ||     1
       Falchion          |       |       |       |     2 ||     2
Throw: Dart              |       |       |    16 |     6 ||    22
 Cast: Freeze            |    49 |    41 |    62 |    42 ||   194
       Sandblast         |     5 |    65 |    94 |   108 ||   272
       Scorch            |       |     2 |       |     1 ||     3
       Frozen Ramparts   |       |       |     3 |    17 ||    20
       Dispel Undead     |       |       |     2 |    19 ||    21
       Ozocubu's Armour  |       |       |     2 |    11 ||    13
       Hailstorm         |       |       |       |    10 ||    10
       Petrify           |       |       |       |    27 ||    27
Evoke: Wand              |       |       |       |     1 ||     1
  Use: Scroll            |       |       |       |    14 ||    14
       Potion            |       |       |       |     3 ||     3
Armor: Robe              |     6 |     9 |     5 |    17 ||    37
Dodge: Dodged            |    25 |    14 |    22 |    51 ||   112
